 Dungeon Crawl Stone Soup version 0.14-a0-1546-g4b4961f (webtiles) character file.

275 101 the Digger (level 4, -4/36 HPs)
             Began as a Deep Dwarf Earth Elementalist on Dec 18, 2013.
             Slain by an iguana (12 damage)
             ... on Level 4 of the Dungeon.
             The game lasted 00:09:12 (2744 turns).

101 the Digger (Deep Dwarf Earth Elementalist)      Turns: 2744, Time: 00:09:13

HP  -4/36        AC  4     Str 12      XL: 4   Next: 82%
MP   8/8         EV 12     Int 16      God:
Gold 150         SH  0     Dex 13      Spells:  3 memorised,  2 levels left

rFire  . . .     SeeInvis .     i - +2 elf spear (vamp)
rCold  . . .     Clarity  .     c - +0 robe
rNeg   . . .     Conserve .     (no shield)
rPois  .         rCorr    .     (no helmet)
rElec  .         rRot     .     G - +1 dwarf cloak
SustAb + .       Spirit   .     (no gloves)
rMut   .         Warding  .     (no boots)
Saprov . . .     Stasis   .     (no amulet)
                                (no ring)
                                o - ring of sustain abilities {unknown}

@: non-regenerating, mildly poisoned, slightly resistant to hostile
enchantments, fairly stealthy
A: damage resistance, recharge devices, sense surroundings 1, slow healing 3
a: Device Recharging


You were on level 4 of the Dungeon.
You were hungry.

You visited 1 branch of the dungeon, and saw 4 of its levels.

You collected 150 gold pieces.

Inventory:

Hand weapons
 i - a +2,+2 elven vampiric spear (weapon)
Missiles
 b - 40 stones (quivered)
Armour
 c - a +0 robe (worn)
 G - a +1 dwarven cloak (worn)
Magical devices
 a - a wand of heal wounds (5)
Comestibles
 s - 2 bread rations
 w - 2 apples
 A - a rotting chunk of orc flesh
 B - a meat ration
 E - a chunk of rat flesh
Scrolls
 e - 3 scrolls of enchant weapon II {unknown}
 h - a scroll of blinking {unknown}
 m - a scroll of recharging {unknown}
 n - 5 scrolls of identify {unknown}
 p - a scroll of curse jewellery {unknown}
 q - a scroll of amnesia {unknown}
 t - a scroll of teleportation {unknown}
 v - 2 scrolls of remove curse {unknown}
 y - a scroll of fear {unknown}
 C - a scroll of enchant weapon I {unknown}
 D - a scroll of curse armour {unknown}
Jewellery
 o - a ring of sustain abilities (left hand) {unknown}
Potions
 g - a potion of degeneration {unknown}
 j - 2 potions of curing {unknown}
 k - a potion of cure mutation {unknown}
 l - a potion of might {unknown}
 r - a potion of lignification {unknown}
 u - a potion of agility {unknown}
 x - 2 potions of flight {unknown}
 z - a potion of restore abilities {unknown}
 F - a potion of poison {unknown}
Books
 d - a book of Geomancy

   Spells                             Type                      Level
   *Sandblast                         Earth                        1
   *Stoneskin                         Transmutation/Earth          2
   Passwall                           Transmutation/Earth          3
   *Stone Arrow                       Conjuration/Earth            3
   Petrify                            Transmutation/Earth          4
   Lee's Rapid Deconstruction         Earth                        5


   Skills:
 - Level 2.1 Dodging
 - Level 2.4 Stealth
 - Level 2.8 Spellcasting
 - Level 2.0 Transmutations
 + Level 5.7 Earth Magic


You had 2 spell levels left.
You knew the following spells:

 Your Spells              Type           Power        Failure   Level  Hunger
a - Sandblast             Erth           ###...       1%          1    #......
b - Stoneskin             Trmt/Erth      ##........   8%          2    ##.....
c - Stone Arrow           Conj/Erth      ##....       17%         3    ###....


Dungeon Overview and Level Annotations

Branches:
Dungeon (4/16)
 Temple: D:4-7

Altars:
Sif Muna


Innate Abilities, Weirdness & Mutations

You are resistant to damage.
You can recharge devices by infusing magical energy.
You passively map a small area around you.
You do not heal naturally.


Message History

The iguana is moderately wounded.
The iguana barely misses you.
You puncture the iguana!
You feel better.
The iguana is severely wounded.
The iguana completely misses you.
You hit the iguana but do no damage.
The iguana is severely wounded.
The iguana bites you!
You hit the iguana.
You feel better.
The iguana is almost dead.
The iguana hisses menacingly.
The iguana bites you!
* * * LOW HITPOINT WARNING * * *
You are too injured to fight recklessly!
You are too injured to fight recklessly!
You are too injured to fight recklessly!
You barely miss the iguana.
The iguana is almost dead.
The iguana bites you!
You die...

, , , * , .,, ,
... * .... *
.....##
........#######
* *#.>l@...#
........#####.#
.......
#.#############
....... *
#.............#
* .......,
#############.#
...... , #.# *
..... , #.# ,
.... #.# ,. #.#


You could see an iguana.

Vanquished Creatures
  Terence (D:2)
  3 adders
  An inept feature mimic (D:2)
  2 giant geckos
  An ooze (D:2)
  7 orcs (D:3)
  2 giant cockroaches (D:1)
  6 hobgoblins
  2 jackals (D:2)
  A ball python (D:4)
  13 bats
  6 giant newts
  8 goblins
  8 kobolds
  A quokka (D:2)
  11 rats
73 creatures vanquished.

Notes
Turn   | Place    | Note
--------------------------------------------------------------
     0 | D:1      | 101, the Deep Dwarf Earth Elementalist, began the quest for the Orb.
     0 | D:1      | Reached XP level 1. HP: 15/15 MP: 2/2
   321 | D:1      | Reached XP level 2. HP: 22/22 MP: 4/4
   584 | D:1      | Reached skill level 5 in Earth Magic
  1062 | D:2      | Reached XP level 3. HP: 28/28 MP: 6/6
  1066 | D:2      | Learned a level 2 spell: Stoneskin
  1119 | D:2      | Reached skill level 1 in Transmutations
  1380 | D:2      | Noticed Terence
  1391 | D:2      | Learned a level 3 spell: Stone Arrow
  1417 | D:2      | Killed Terence
  1783 | D:2      | Found a deep blue altar of Sif Muna.
  1845 | D:3      | Reached XP level 4. HP: 24/36 MP: 8/8
  2744 | D:4      | Slain by an iguana

Action                   |  1- 3 |  4- 6 || total
-------------------------+-------+-------++-------
Melee: Spear             |   176 |   122 ||   298
 Cast: Sandblast         |     4 |       ||     4
       Stone Arrow       |     1 |       ||     1
 Stab: Sleeping          |     8 |     5 ||    13
